 Dungeon Crawl Stone Soup version 0.19-a0-1212-gd81f432 (webtiles) character file.

584237 JEM123 the Impregnable (level 26, 0/225 HPs)
             Began as a Minotaur Berserker on Aug 15, 2016.
             Was the Champion of Trog.
             Slain by an emperor scorpion (17 damage)
             ... summoned by a greater mummy
             ... on level 1 of the Tomb of the Ancients on Aug 22, 2016.
             The game lasted 10:50:01 (71425 turns).

JEM123 the Impregnable (Minotaur Berserker)        Turns: 71425, Time: 10:50:02

Health: 0/225      AC: 33    Str: 27      XL:     26   Next: 2%
Magic:  37/37      EV: 26    Int:  4 (9)  God:    Trog [******]
Gold:   4662       SH:  0    Dex: 22      Spells: 0 memorised, 25 levels left

rFire  . . .     SeeInvis +     g - +9 great mace (holy)
rCold  . . .     Gourm    .     Y - +5 plate armour of the Pure Ghosts {Regen+ Str+2 Stlth+}
rNeg   + . .     Faith    .     (shield currently unavailable)
rPois  +         Spirit   .     (helmet restricted)
rElec  .         Dismiss  +     (no cloak)
rCorr  .         Reflect  .     p - +1 pair of gloves of Sorcery {rF- rN+ Int+3 Dex+5}
MR     +....     Harm     .     O - +2 pair of boots
Stlth  ..........               h - amulet "Rurr" {Dismiss rPois}
                                y - ring of protection from fire
                                x - ring of see invisible

@: lethally poisoned (0 -> 0), vulnerable, flayed, regenerating, slowed, lost
intelligence, very slow
A: retaliatory headbutt, horns 2, frail 1, high mp 1
a: Berserk, Trog's Hand, Brothers in Arms, Burn Spellbooks, Renounce Religion
}: 3/15 runes: barnacled, abyssal, gossamer


You were on level 1 of the Tomb of the Ancients.
You worshipped Trog.
Trog was exalted by your worship.
You were very hungry.

You visited 13 branches of the dungeon, and saw 50 of its levels.
You visited the Abyss 3 times.
You visited 3 bazaars.

You collected 6907 gold pieces.
You spent 2245 gold pieces at shops.

Inventory:

Hand Weapons
 g - a +9 great mace of holy wrath (weapon)
 m - the +6 great mace of Beast's Bane {freeze, Str+2 Dex+3}
   (Trog gifted it to you on level 1 of the Orcish Mines)

   It has been specially enchanted to freeze those struck by it, causing extra
   injury to most foes and up to half again as much damage against particularly
   susceptible opponents.
   It can also slow down cold-blooded creatures.
   It affects your strength (+2).
   It affects your dexterity (+3).
 n - a +4 antimagic great mace
 s - the +5 greatsling "Donex" {flame, rElec Str+3 Dex+2 Stlth-}
   (Trog gifted it to you on level 2 of the Elven Halls)

   It causes projectiles fired from it to burn those they strike, causing extra
   injury to most foes and up to half again as much damage against particularly
   susceptible opponents.
   It affects your strength (+3).
   It affects your dexterity (+2).
   It insulates you from electricity.
   It makes you less stealthy.
Missiles
 v - 666 sling bullets
 B - 14 javelins of returning (quivered)
Armour
 p - the +1 pair of gloves of Sorcery (worn) {rF- rN+ Int+3 Dex+5}
   (You found it on level 3 of the Abyss)

   It affects your intelligence (+3).
   It affects your dexterity (+5).
   It makes you vulnerable to fire.
   It protects you from negative energy.
 w - the +0 cloak of Honesty {rC+ rN++ rCorr Int-4}
   (You bought it in a shop on level 1 of the Elven Halls)

   It affects your intelligence (-4).
   It protects you from cold.
   It greatly protects you from negative energy.
   It protects you from acid and corrosion.
 L - a +1 fire dragon armour
 O - a +2 pair of boots (worn)
 Y - the +5 plate armour of the Pure Ghosts (worn) {Regen+ Str+2 Stlth+}
   (You found it on level 3 of the Depths)

   It affects your strength (+2).
   It increases your rate of regeneration.
   It makes you more stealthy.
Rods
 r - a +0 rod of ignition (14/14)
   (You found it on level 9 of the Dungeon)
Jewellery
 e - a +3 ring of slaying
 h - the amulet "Rurr" (around neck) {Dismiss rPois}
   (You took it off a vampire mage on level 2 of the Elven Halls)

   [amulet of dismissal]

   It may teleport away creatures that harm you.
   It protects you from poison.
 l - an uncursed ring of protection from magic
 x - a ring of see invisible (left hand)
 y - a ring of protection from fire (right hand)
Wands
 q - a wand of digging (4/24)
 M - a wand of lightning (4/15)
 S - a wand of disintegration (12/24)
 T - a wand of teleportation (5/9)
 U - a wand of heal wounds (8/9)
Scrolls
 d - 20 scrolls of remove curse
 f - 10 scrolls of teleportation
 k - 10 scrolls of fear
 o - 2 scrolls of summoning
 u - a scroll of brand weapon
 C - 2 scrolls of holy word
 N - 6 scrolls of blinking
 P - 8 scrolls of recharging
 R - 4 scrolls of fog
 W - 2 scrolls of magic mapping
 X - 19 scrolls of identify
Potions
 a - 6 potions of haste
 j - 16 potions of curing
 z - 3 potions of resistance
 D - 8 potions of might
 F - 3 potions of invisibility
 G - 2 potions of cure mutation
 K - 2 potions of cancellation
 V - 4 potions of agility
Miscellaneous
 t - a disc of storms
 A - a lamp of fire
 E - a fan of gales
 H - a phantom mirror
 J - 4 sacks of spiders
 Q - a box of beasts
 Z - a phial of floods
Comestibles
 b - a beef jerky
 c - 28 bread rations
 i - 27 meat rations


   Skills:
 + Level 23.4 Fighting
 - Level 18.8(20.1) Maces & Flails
   Level 13.2(17.5) Staves
 - Level 14.0 Slings
 * Level 25.5 Armour
 * Level 22.8 Dodging
 + Level 15.9 Evocations


You had 25 spell levels left.
You didn't know any spells.

Dungeon Overview and Level Annotations

Branches:
Dungeon (15/15)            Temple (1/1) D:4            Lair (6/6) D:11
 Shoals (4/4) Lair:3       Spider (4/4) Lair:2        Slime (1/5) Lair:6
    Orc (2/2) D:12            Elf (3/3) Orc:2        Vaults (4/5) D:14
  Crypt (3/3) Vaults:3       Tomb (1/3) Crypt:3      Depths (5/5) D:15
    Zot (1/5) Depths:5

Altars:
Ashenzari
Cheibriados
Dithmenos
Elyvilon
Fedhas
Gozag
Hepliaklqana
Kikubaaqudgha
Makhleb
Nemelex Xobeh
Okawaru
Qazlal
Ru
Sif Muna
Trog
Uskayaw
Vehumet
Xom
Yredelemnul
Zin
The Shining One

Shops:
D:5 }   D:10 (   D:12 :   Orc:2 *[%:   Elf:1 [   Elf:2 ?   Elf:3 (:?
Shoals:4 [(   Vaults:1 *   Vaults:2 (   Depths:2 (*%*}   Depths:3 ==}

Portals:
Hell: Depths:1 Depths:2 Depths:3 Depths:4 Depths:5
Abyss: Depths:2 Depths:3 Depths:4 Depths:5
Pandemonium: Orc:2 Depths:1 Depths:3
Ziggurat: Depths:5
Trove: Vaults:4 (give horn of Geryon)

Annotations:
D:1 1 runed door


Innate Abilities, Weirdness & Mutations

You reflexively headbutt those who attack you in melee.
You have a pair of horns on your head.
You are frail. (-10% HP)
You have an increased reservoir of magic. (+10% MP)


Message History

The emperor scorpion claws your hill giant!
Your hill giant dies!
Your hill giant's corpse disappears in a puff of smoke!
The emperor scorpion completely misses you.
You furiously retaliate!
You headbutt the emperor scorpion, but do no damage.
The emperor scorpion barely misses you. The emperor scorpion misses you.
The emperor scorpion stings you but does no damage.
The emperor scorpion misses you.
The emperor scorpion claws you but does no damage.
The greater mummy gestures wildly while chanting.
You feel much better.
You feel very sick.
The emperor scorpion disappears in a puff of smoke!
The phantasmal warrior closely misses you.
The greater mummy casts a spell at you. Something smites you!
* * * LOW HITPOINT WARNING * * *
The emperor scorpion stings you!
You die...

# #..........# # #..........#
# #..........# # #..........#
# #..........# # #..........#
# #..........#
##################W.........#
............sBsM@sB.........#
...........ssnMssWV.........#
..........s§MMW3sM..........#
.....)......s.W.B...........#
......†....s................#
.....................(......#
......................(.....#
......................(.....#
............................#


You could see 2 greater mummies, 11 emperor scorpions, a mummy priest, a
jiangshi, a soul eater, a flayed ghost, 2 phantasmal warriors, a guardian mummy,
a hungry ghost, 3 death scarabs, a necrophage and a mummy.

Vanquished Creatures
  The ghost of Doesnt the Slayer, a legendary HuFE of Ashenzari (Tomb:1)
  Saint Roka (Elf:3)
  A caustic shrike (Depths:4)
  2 golden dragons
  2 profane servitors
  4 bone dragons
  Jorgrun (Depths:2)
  A hellephant (Abyss:1)
  2 Hell Sentinels
  4 tentacled monstrosities
  3 liches
  2 deep elf master archers (Elf:3)
  3 deep elf blademasters
  11 sphinxes
  An Executioner (Abyss:4)
  Agnes (Lair:2)
  2 tengu reavers
  13 tentacled starspawn
  An ancient champion (Crypt:1)
  Kirke (Spider:1)
  A draconian monk (Depths:5)
  The ghost of Arcaner the Severer, an adept GrBe of Trog (Spider:3)
  A shadow dragon (Depths:4)
  A daeva (Abyss:4)
  Ilsuiw (Shoals:4)
  Roxanne (Spider:1)
  4 revenants
  8 fire giants
  2 balrugs
  4 deep elf sorcerers
  Aizul (Vaults:3)
  9 frost giants
  2 draconian shifters
  5 vault wardens
  4 ghost moths
  2 draconian zealots
  A curse skull (Crypt:3)
  A draconian scorcher (Zot:1)
  A draconian knight (Depths:5)
  An iron dragon (Depths:4)
  9 ironheart preservers
  7 emperor scorpions
  3 ghouls (Crypt:2)
  A draconian caller (Depths:5)
  A war gargoyle (Vaults:2)
  3 deep elf elementalists (Elf:3)
  18 very ugly things
  A draconian annihilator (Zot:1)
  2 green draconians
  8 entropy weavers
  16 stone giants
  7 deep elf demonologists
  6 vampire knights
  6 black draconians
  3 yellow draconians
  4 purple draconians
  6 deep elf annihilators
  2 mottled draconians (Zot:1)
  5 spark wasps
  3 red draconians (Zot:1)
  2 white draconians (Depths:5)
  10 deep elf death magi
  6 mummy priests
  17 ettins
  4 quicksilver dragon zombies
  15 eidola
  4 merfolk javelineers
  10 fire dragons
  2 blizzard demons (Abyss:4)
  A green death (Abyss:4)
  Snorg (Lair:3)
  13 merfolk impalers
  13 jiangshi
  A great orb of eyes (shapeshifter) (Vaults:1)
  A quicksilver dragon skeleton (Crypt:1)
  8 rakshasas
  12 great orbs of eyes
  A deep elf high priest (Elf:3)
  13 yaktaur captains
  10 hydras
  9 ice dragons
  7 vault guards
  5 catoblepae
  6 merfolk avatars
  An anaconda (Abyss:3)
  15 merfolk aquamancers
  5 spriggan air magi
  10 centaur warriors
  6 death knights
  16 ogre magi
  28 dancing weapons
  A naga warrior (Abyss:3)
  7 tengu warriors
  9 death yaks (Lair:6)
  6 vampire magi
  11 deep troll shamans
  2 hell hogs (Depths:1)
  4 death scarabs (Tomb:1)
  2 satyrs
  14 deep troll earth magi
  26 thrashing horrors
  6 orc high priests
  A titan zombie (Abyss:4)
  5 spriggan berserkers
  A soul eater (Crypt:1)
  Sonja (Orc:2)
  19 wretched stars
  Urug (Lair:4)
  3 sun demons
  23 deep elf knights
  A storm dragon zombie (Crypt:1)
  2 shadow wraiths
  16 skeletal warriors
  3 spatial maelstroms (Abyss:4)
  A titan skeleton (Crypt:2)
  4 iron trolls
  A death drake (Abyss:4)
  An anaconda zombie (Crypt:3)
  5 sixfirhies
  15 sea snakes
  5 unseen horrors
  5 giant orange brains
  2 swamp dragons (shapeshifter)
  7 flayed ghosts
  10 deep elf archers
  A shadow demon (Depths:3)
  21 deep trolls
  39 starcursed masses
  2 wizards
  A harpy (shapeshifter) (Depths:2)
  4 torturous demonspawn
  4 necromancers
  14 orc knights
  An orange crystal statue (Elf:1)
  A shadow dragon zombie (Crypt:2)
  2 wolf spider zombies
  12 phantasmal warriors
  34 wolf spiders
  10 hill giants
  11 ironbrand convokers
  An anubis guard (Tomb:1)
  16 harpies
  8 orc sorcerers
  3 shining eyes
  2 wolf spiders (shapeshifter)
  16 orb spiders
  An orb spider (shapeshifter) (D:15)
  2 frost giant zombies (Crypt:3)
  A spectral ice dragon (Crypt:1)
  5 hornets
  A salamander (Depths:5)
  5 worldbinders (Abyss:4)
  63 deep elf magi
  51 ugly things
  A fire giant zombie (Crypt:2)
  13 manticores
  8 cyclopes
  9 griffons
  7 fauns
  2 dire elephant zombies (Crypt:3)
  A frost giant skeleton (Crypt:2)
  An elephant (D:11)
  2 moths of wrath
  6 sirens
  A shock serpent zombie (Crypt:3)
  A hell hog skeleton (Crypt:1)
  2 rust devils
  A centaur zombie (D:13)
  16 vault sentinels
  A fire giant skeleton (Depths:1)
  2 black mambas
  7 water nymphs
  A stone giant skeleton (Crypt:1)
  5 apocalypse crabs
  A guardian serpent (Abyss:4)
  8 smoke demons
  2 orange demons
  37 large abominations
  A water nymph (shapeshifter) (Vaults:4)
  A hellion (Abyss:4)
  An eye of devastation (Depths:4)
  11 spiny frogs
  Psyche (D:8)
  A naga mage (Abyss:3)
  A death yak zombie (Crypt:1)
  3 rime drakes
  A shock serpent skeleton (Crypt:1)
  18 freezing wraiths
  A catoblepas zombie (Crypt:2)
  4 efreet
  A rime drake (shapeshifter) (D:15)
  2 emperor scorpion zombies (Crypt:3)
  8 komodo dragons
  14 demonic crawlers
  36 yaktaurs
  A yaktaur (shapeshifter) (Vaults:1)
  9 ancient zymes
  3 kobold demonologists
  13 hellwings
  3 hydra zombies
  6 trolls
  7 guardian mummies
  2 tormentors (Abyss:4)
  3 meliai (Abyss:4)
  A polar bear (Lair:3)
  3 wind drakes
  4 red devils
  3 tengu conjurers
  25 jumping spiders
  A harpy zombie (Crypt:3)
  22 merfolk
  2 tengu simulacra
  2 queen bees
  34 two-headed ogres
  31 slime creatures
  4 ushabtiu
  5 boulder beetles
  43 raiju
  3 raiju (shapeshifter)
  A sphinx simulacrum (Vaults:1)
  13 snapping turtles
  2 bog bodies (Crypt:2)
  3 hydra skeletons
  An ettin zombie (Crypt:3)
  3 fire dragon zombies
  A fire giant simulacrum (Vaults:2)
  24 blink frogs
  14 flying skulls
  A black mamba zombie (Crypt:3)
  2 spriggans (Depths:3)
  A fire dragon skeleton (Crypt:2)
  3 ettin skeletons
  79 redbacks
  9 air elementals
  31 yaks
  A shadow (Abyss:4)
  29 tarantellas
  2 wyverns
  29 water elementals
  2 ice dragon skeletons (Crypt:2)
  8 ynoxinuls
  A tarantella (shapeshifter) (Depths:1)
  2 vampires
  21 wraiths
  2 spriggan skeletons (Depths:1)
  A hog (Spider:1)
  19 humans
  2 basilisks
  3 vampire mosquitoes (D:15)
  2 steam dragons
  20 hippogriffs
  A fire elemental (Elf:2)
  3 golden eyes (Depths:4)
  9 chaos spawn
  The ghost of JEM123 the Shooter, an amateur CeAM (D:3)
  4 fire bats
  A hippogriff (shapeshifter) (Vaults:2)
  15 small abominations
  A hungry ghost (D:15)
  8 neqoxecs
  Menkaure (D:6)
  A faun zombie (Crypt:1)
  A torturous demonspawn zombie (Crypt:1)
  11 wargs
  2 soldier ants
  3 mottled dragons
  A soldier ant (shapeshifter) (Vaults:1)
  2 spatial vortices (Abyss:4)
  14 hell hounds
  17 water moccasins
  A water moccasin (shapeshifter) (Vaults:2)
  A water nymph zombie (Crypt:1)
  A monstrous demonspawn zombie (Crypt:2)
  2 giant eyeballs
  6 porcupines
  2 black bears
  48 orc warriors
  A black bear (shapeshifter) (Elf:2)
  A sky beast (D:9)
  A tengu (shapeshifter) (D:15)
  5 ice beasts
  A snapping turtle zombie (Crypt:2)
  2 wasps
  57 ogres
  2 eyes of draining
  13 boggarts
  6 wolves (Lair:6)
  2 necrophages
  A snapping turtle skeleton (Abyss:4)
  A hog zombie (Crypt:1)
  17 centaurs
  A manticore skeleton (Crypt:1)
  11 crocodiles
  An elf zombie (Crypt:3)
  15 giant frogs
  3 earth elementals
  A wyvern zombie (D:13)
  6 wyvern skeletons
  6 scorpions
  A spriggan zombie (Crypt:3)
  38 killer bees
  A wight (D:13)
  5 howler monkeys
  4 electric eels
  A giant frog zombie (D:10)
  10 crimson imps
  A human simulacrum (Vaults:2)
  4 quasits
  3 centaur skeletons
  29 orc priests
  6 jellies
  5 hounds
  2 iron imps
  21 orc wizards
  Ijyb (D:2)
  Jessica (D:2)
  6 iguanas
  6 worker ants
  15 sheep
  A naga zombie (Crypt:2)
  A sky beast zombie (Crypt:1)
  A dwarf zombie (Crypt:2)
  A hound zombie (Crypt:1)
  7 mummies
  A worker ant zombie (D:7)
  Robin (D:2)
  10 adders
  62 river rats
  3 shadow imps
  6 white imps
  3 ufetubi
  3 oozes (Lair:6)
  An adder skeleton (D:4)
  A dart slug (D:1)
  10 giant geckos
  103 orcs
  A ball python (D:4)
  8 giant cockroaches
  16 goblins
  8 hobgoblins
  8 jackals
  8 quokkas
  A ball python skeleton (Crypt:2)
  9 bats
  A giant gecko skeleton (D:3)
  5 giant newts
  9 kobolds
  A kobold zombie (Crypt:1)
  2 quokka skeletons
  10 rats
  A crawling corpse (Elf:3)
  2 fungi
  2 lurking horrors (Abyss:4)
  A plant (Shoals:2)
  6 starspawn tentacles
2610 creatures vanquished.

Vanquished Creatures (collateral kills)
  An ironheart preserver (Vaults:1)
  A stone giant (Depths:2)
  A very ugly thing (Abyss:4)
  A mummy priest (Tomb:1)
  Erolcha (Orc:2)
  A vault guard (D:14)
  2 orc high priests (Orc:2)
  A deep elf knight (Elf:2)
  A soul eater (Orc:2)
  An infernal demonspawn (Orc:2)
  3 deep trolls (Depths:2)
  A deep elf archer (Vaults:1)
  A necromancer (D:14)
  2 orc knights (Orc:2)
  2 harpies (Vaults:2)
  2 orc sorcerers (Orc:2)
  5 yaktaurs (Vaults:2)
  A meliai (Abyss:4)
  2 slime creatures
  A human (D:14)
  2 orc warriors (Orc:2)
  A killer bee (Abyss:4)
  4 starcursed masses (Abyss:4)
  An orc priest (Orc:2)
  3 orcs (Orc:2)
42 creatures vanquished.

Vanquished Creatures (others)
  A deep elf elementalist (Elf:3)
  3 deep elf knights
  A wolf spider (Spider:4)
  A meliai (shapeshifter) (D:15)
  A shadow (Abyss:4)
  3 humans (Spider:1)
  An orc warrior (Vaults:4)
  A wasp (Depths:3)
  2 ogres
  A boggart (Depths:1)
  A small abomination (Abyss:4)
  A killer bee (Abyss:4)
  A bush (Abyss:1)
  A demonic plant (Abyss:1)
  9 fungi
  20 plants
  21 starspawn tentacles
  5 withered plants (Crypt:3)
74 creatures vanquished.

Grand Total: 2726 creatures vanquished

Notes
Turn   | Place    | Note
-------+----------+-------------------------------------------
     0 | D:1      | JEM123 the Minotaur Berserker began the quest for the Orb.
     0 | D:1      | Reached XP level 1. HP: 19/19 MP: 0/0
     1 | D:1      | Found a runed door.
   116 | D:1      | Reached XP level 2. HP: 13/27 MP: 1/1
  1071 | D:2      | Reached ** piety under Trog
  1086 | D:2      | Noticed Ijyb
  1094 | D:2      | Killed Ijyb
  1094 | D:2      | Reached XP level 3. HP: 31/34 MP: 2/2
  1115 | D:2      | Noticed Robin
  1136 | D:2      | Reached skill level 5 in Maces & Flails
  1137 | D:2      | Reached XP level 4. HP: 18/41 MP: 3/3
  1140 | D:2      | Killed Robin
  1140 | D:2      | Reached skill level 5 in Fighting
  1490 | D:2      | Noticed Jessica
  1502 | D:2      | Killed Jessica
  1502 | D:2      | Reached XP level 5. HP: 43/48 MP: 4/4
  1770 | D:2      | Found a basalt altar of Yredelemnul.
  1864 | D:2      | Found an opulent altar of Gozag.
  2140 | D:3      | Noticed JEM123's ghost (amateur CeAM)
  2165 | D:3      | Killed JEM123's ghost
  2165 | D:3      | Reached XP level 6. HP: 47/57 MP: 5/5
  2239 | D:3      | Reached *** piety under Trog
  2349 | D:3      | Found a deep blue altar of Sif Muna.
  2431 | D:3      | Found a radiant altar of Vehumet.
  2634 | D:3      | Noticed a dagger
  2634 | D:3      | Noticed a hand axe
  2638 | D:3      | Found a hide-covered altar of Uskayaw.
  3523 | D:4      | Noticed an ice beast
  3533 | D:4      | Killed an ice beast
  3533 | D:4      | Reached XP level 7. HP: 51/66 MP: 6/6
  3665 | D:4      | Found a staircase to the Ecumenical Temple.
  3699 | Temple   | Entered the Ecumenical Temple
  4002 | D:5      | Entered Level 5 of the Dungeon
  4021 | D:5      | Reached skill level 3 in Armour
  4069 | D:5      | Found Visumos's Gadget Emporium.
  4149 | D:5      | Found a burning altar of Makhleb.
  4303 | D:5      | Reached **** piety under Trog
  4433 | D:5      | Found a shadowy altar of Dithmenos.
  4472 | D:5      | Reached skill level 1 in Evocations
  4582 | D:6      | Found a sparkling altar of Nemelex Xobeh.
  4726 | D:6      | Got an iridescent quarterstaff
  4727 | D:6      | Identified the +11 quarterstaff of Sekuam {drain, MR- Str+4 Int+6 Stlth+} (You found it on level 6 of the Dungeon)
  4759 | D:6      | Noticed Menkaure
  4770 | D:6      | Killed Menkaure
  4770 | D:6      | Reached skill level 1 in Staves
  4771 | D:6      | Found a sacrificial altar of Ru.
  4810 | D:6      | Reached skill level 4 in Armour
  4813 | D:6      | Found a white marble altar of Elyvilon.
  5321 | D:7      | Reached XP level 8. HP: 74/74 MP: 8/8
  5610 | D:7      | Reached skill level 5 in Armour
  6043 | D:7      | Found a glowing golden altar of the Shining One.
  6166 | D:7      | Reached skill level 6 in Armour
  6169 | D:7      | Reached XP level 9. HP: 51/82 MP: 10/10
  6428 | D:8      | Noticed Psyche
  6433 | D:8      | Killed Psyche
  6563 | D:8      | Reached skill level 5 in Staves
  6775 | D:8      | Reached skill level 7 in Armour
  7236 | D:8      | Found a stormy altar of Qazlal.
  7392 | D:9      | Reached skill level 5 in Evocations
  7663 | D:9      | Reached skill level 10 in Fighting
  7687 | D:9      | Reached skill level 8 in Armour
  7687 | D:9      | Reached XP level 10. HP: 64/93 MP: 11/13
  7744 | D:9      | Identified a +0 rod of ignition (14/14) (You found it on level 9 of the Dungeon)
  8052 | D:10     | Entered Level 10 of the Dungeon
  8090 | D:10     | Found Onyguje's Antique Weapon Shoppe.
  8225 | D:10     | Reached ***** piety under Trog
  8956 | D:11     | Noticed an elephant
  8972 | D:11     | Killed an elephant
  8972 | D:11     | Reached skill level 1 in Slings
  8989 | D:11     | Found a staircase to the Lair.
  9205 | D:11     | Noticed a cyan ugly thing
  9214 | D:11     | Killed a cyan ugly thing
  9578 | Lair:1   | Entered Level 1 of the Lair of Beasts
  9937 | Lair:1   | Reached skill level 5 in Dodging
 10247 | Lair:2   | Noticed a spiny frog
 10253 | Lair:2   | Killed a spiny frog
 10264 | Lair:2   | Noticed a spiny frog
 10271 | Lair:2   | Killed a spiny frog
 10271 | Lair:2   | Reached XP level 11. HP: 85/102 MP: 14/14
 10362 | Lair:2   | Received a gift from Trog
 10365 | Lair:2   | Got a jewelled executioner's axe {god gift}
 10366 | Lair:2   | Identified the +4 executioner's axe of Iconoclasm {flame, *Corrode rElec Dex+5} (Trog gifted it to you on level 2 of the Lair of Beasts)
 11026 | Lair:2   | Found a hole to the Spider Nest.
 11026 | Lair:2   | Noticed a wolf spider
 11034 | Lair:2   | Killed a wolf spider
 11034 | Lair:2   | Reached skill level 5 in Slings
 11063 | Lair:2   | Noticed a four-headed hydra
 11073 | Lair:2   | Killed a four-headed hydra
 11690 | Lair:3   | Reached skill level 10 in Staves
 12138 | Lair:3   | Noticed Snorg
 12148 | Lair:3   | Killed Snorg
 12258 | Lair:3   | Reached XP level 12. HP: 113/113 MP: 15/15
 12400 | Lair:3   | Received a gift from Trog
 12405 | Lair:3   | Noticed a six-headed hydra
 12409 | Lair:3   | Killed a six-headed hydra
 12409 | Lair:3   | Reached skill level 9 in Armour
 12838 | Lair:3   | Found a staircase to the Shoals.
 13134 | Lair:3   | Received a gift from Trog
 13373 | Lair:4   | Found a blossoming altar of Fedhas.
 13499 | Lair:4   | Noticed Urug
 13513 | Lair:4   | Killed Urug
 14001 | Lair:4   | Received a gift from Trog
 14151 | Lair:4   | Reached skill level 10 in Armour
 15078 | Lair:5   | Noticed a five-headed hydra
 15085 | Lair:5   | Killed a five-headed hydra
 15210 | Lair:5   | You fall through a shaft!
 15210 | Lair:6   | Entered Level 6 of the Lair of Beasts
 15506 | Lair:6   | Reached XP level 13. HP: 121/123 MP: 16/16
 15513 | Lair:6   | Found a staircase to the Slime Pits.
 15581 | Lair:6   | Reached skill level 11 in Armour
 15611 | Lair:6   | Received a gift from Trog
 15915 | Lair:6   | Reached ****** piety under Trog
 16641 | Lair:6   | Reached skill level 10 in Slings
 16647 | Lair:6   | Reached skill level 12 in Armour
 17541 | D:12     | Reached skill level 15 in Fighting
 17707 | D:12     | Found a staircase to the Orcish Mines.
 17915 | D:12     | Found Xisoicli's Book Emporium.
 18031 | Orc:1    | Entered Level 1 of the Orcish Mines
 18077 | Orc:1    | Received a gift from Trog
 18086 | Orc:1    | Got a crude great mace {god gift}
 18087 | Orc:1    | Identified the +6 great mace of Beast's Bane {freeze, Str+2 Dex+3} (Trog gifted it to you on level 1 of the Orcish Mines)
 18139 | Orc:1    | Reached XP level 14. HP: 135/135 MP: 17/17
 18642 | Orc:2    | Entered Level 2 of the Orcish Mines
 19265 | Orc:2    | Received a gift from Trog
 19276 | Orc:2    | Found Ytuge's Food Shop.
 19282 | Orc:2    | Found Xono's General Store.
 19507 | Orc:2    | Bought a scroll of identify for 34 gold pieces
 19554 | Orc:2    | Noticed Erolcha
 19560 | Orc:2    | Killed Erolcha
 19560 | Orc:2    | Received a gift from Trog
 19579 | Orc:2    | Found a staircase to the Elven Halls.
 19759 | Orc:2    | Noticed Sonja
 19765 | Orc:2    | Killed Sonja
 19877 | Orc:2    | Received a gift from Trog
 20182 | Orc:2    | Identified a scroll of acquirement
 20183 | Orc:2    | Got a pair of twisted boots
 20189 | Orc:2    | Identified the -7 pair of boots of Gonagede {Str+7} (You acquired it on level 2 of the Orcish Mines)
 20854 | Orc:2    | Reached skill level 10 in Maces & Flails
 20996 | Orc:2    | Found Hemer's Book Shoppe.
 20996 | Orc:2    | Found Jano's Antique Armour Emporium.
 20996 | Orc:2    | Found a one-way gate leading to the halls of Pandemonium.
 21326 | D:13     | Received a gift from Trog
 21466 | D:13     | Received a gift from Trog
 22254 | D:13     | Reached XP level 15. HP: 135/144 MP: 18/18
 22415 | D:14     | Received a gift from Trog
 22907 | D:14     | Found a gate to the Vaults.
 22937 | D:14     | Received a gift from Trog
 22937 | D:14     | Reached skill level 10 in Dodging
 23133 | D:14     | Found a snail-covered altar of Cheibriados.
 23746 | D:15     | Entered Level 15 of the Dungeon
 24251 | D:15     | Received a gift from Trog
 24670 | D:15     | Received a gift from Trog
 24846 | D:15     | Found a staircase to the Depths.
 25098 | Spider:1 | Entered Level 1 of the Spider Nest
 25098 | Spider:1 | Noticed Agnes
 25105 | Lair:2   | Killed Agnes
 26260 | Shoals:1 | Entered Level 1 of the Shoals
 27047 | Shoals:1 | Received a gift from Trog
 28015 | Shoals:1 | Received a gift from Trog
 28015 | Shoals:1 | Reached XP level 16. HP: 149/154 MP: 20/20
 28646 | Shoals:1 | Received a gift from Trog
 28805 | Shoals:2 | Got a pair of scorched boots
 28811 | Shoals:2 | Identified the +2 pair of boots of Ubiuto {-Tele +Fly rCorr} (You found it on level 2 of the Shoals)
 29220 | Shoals:1 | Reached skill level 13 in Armour
 30526 | Shoals:3 | Found a runed door.
 30609 | Shoals:3 | Received a gift from Trog
 30854 | Shoals:3 | Got a transparent plate armour
 30860 | Shoals:3 | Identified the cursed +1 plate armour "Tebb" {-Cast rC+ Str+3 Dex+5} (You found it on level 3 of the Shoals)
 31201 | Shoals:4 | Entered Level 4 of the Shoals
 31237 | Shoals:4 | Received a gift from Trog
 31293 | Shoals:4 | Found Lodia's Antique Armour Shop.
 31358 | Shoals:4 | Bought a pair of boots for 180 gold pieces
 31406 | Shoals:4 | Reached skill level 14 in Armour
 31430 | Shoals:4 | Received a gift from Trog
 31767 | Shoals:4 | Noticed Ilsuiw
 32461 | Shoals:4 | Killed Ilsuiw
 32499 | Shoals:4 | Found Leciyrie's Weapon Boutique.
 32599 | Shoals:4 | Found Ituepres's Antique Armour Boutique.
 32805 | Shoals:4 | Reached XP level 17. HP: 138/163 MP: 22/22
 32962 | Shoals:4 | Received a gift from Trog
 33013 | Shoals:4 | Got a barnacled rune of Zot
 33500 | Shoals:1 | Reached skill level 15 in Armour
 33734 | Spider:1 | Noticed Kirke
 33746 | Spider:1 | Killed Kirke
 33820 | Spider:1 | Noticed Roxanne
 34168 | Spider:1 | Killed Roxanne
 34168 | Spider:1 | Received a gift from Trog
 34170 | Spider:1 | Identified Roxanne's Guide on Stones (You took it off Roxanne on level 1 of the Spider Nest)
 34333 | Spider:1 | Received a gift from Trog
 34421 | Spider:1 | Upgraded the game from 0.19-a0-1169-g4149f68 to 0.19-a0-1170-g18f0c96
 35076 | Spider:2 | Received a gift from Trog
 35745 | Spider:3 | Noticed Arcaner's ghost (adept GrBe)
 35845 | Spider:3 | Killed Arcaner's ghost
 36189 | Spider:3 | Reached skill level 10 in Evocations
 36697 | Spider:4 | Entered Level 4 of the Spider Nest
 36779 | Spider:4 | Received a gift from Trog
 36779 | Spider:4 | Reached skill level 16 in Armour
 37375 | Spider:3 | Reached XP level 18. HP: 120/173 MP: 24/24
 37759 | Spider:4 | Received a gift from Trog
 38635 | Spider:4 | Got a gossamer rune of Zot
 39249 | Elf:1    | Entered Level 1 of the Elven Halls
 39402 | Elf:1    | Found an ancient bone altar of Kikubaaqudgha.
 39411 | Elf:1    | Noticed a Hell Sentinel
 39418 | Elf:1    | Cast into level 2 of the Abyss (a deep elf demonologist)
 39574 | Abyss:3  | Found a corrupted altar of Lugonu.
 39583 | Abyss:3  | Found a basalt altar of Yredelemnul.
 39625 | Abyss:3  | Received a gift from Trog
 39625 | Abyss:3  | Reached skill level 17 in Armour
 39757 | Abyss:3  | Noticed a bone dragon
 39811 | Abyss:3  | Found a corrupted altar of Lugonu.
 39850 | Abyss:3  | Found a corrupted altar of Lugonu.
 39869 | Elf:1    | Escaped the Abyss
 39880 | Elf:1    | Found a shimmering altar of Xom.
 39901 | Elf:1    | Received a gift from Trog
 39909 | Elf:1    | Found Ziyngif's Antique Armour Emporium.
 39944 | Elf:1    | Bought a smoking cloak for 304 gold pieces
 39956 | Elf:1    | Identified the +0 cloak of Honesty {rC+ rN++ rCorr Int-4} (You bought it in a shop on level 1 of the Elven Halls)
 40203 | Elf:1    | Received a gift from Trog
 40523 | Elf:1    | Gained mutation: Your spells are a little harder to cast, but a little more powerful. [potion of beneficial mutation]
 40560 | Elf:1    | Found an ancient bone altar of Kikubaaqudgha.
 41228 | Elf:2    | Found Puluax's Magic Scroll Shoppe.
 41293 | Elf:2    | Bought a scroll of blinking for 120 gold pieces
 41293 | Elf:2    | Bought a scroll of teleportation for 48 gold pieces
 41293 | Elf:2    | Bought 2 scrolls of fear for 112 gold pieces
 41293 | Elf:2    | Bought a scroll of blinking for 120 gold pieces
 41293 | Elf:2    | Bought a scroll of teleportation for 48 gold pieces
 41293 | Elf:2    | Bought a scroll of teleportation for 48 gold pieces
 41661 | Elf:2    | Found a runed gate.
 41663 | Elf:2    | Found a runed gate.
 41666 | Elf:2    | Found a runed gate.
 41837 | Elf:2    | Found a deep blue altar of Sif Muna.
 41893 | Elf:2    | Received a gift from Trog
 41914 | Elf:2    | Got a smoking greatsling {god gift}
 41915 | Elf:2    | Identified the +5 greatsling "Donex" {flame, rElec Str+3 Dex+2 Stlth-} (Trog gifted it to you on level 2 of the Elven Halls)
 42085 | Elf:2    | Reached XP level 19. HP: 178/181 MP: 26/26
 42460 | Elf:2    | Reached skill level 18 in Armour
 42994 | Elf:2    | Got a twitching garnet amulet
 42996 | Elf:2    | Identified the amulet "Rurr" {Dismiss rPois} (You took it off a vampire mage on level 2 of the Elven Halls)
 43075 | Elf:3    | Entered Level 3 of the Elven Halls
 43197 | Elf:3    | Received a gift from Trog
 43255 | Elf:3    | Found Zofufreagh's Antique Weapon Shop.
 43259 | Elf:3    | Found Eschaut's Book Boutique.
 43260 | Elf:3    | Found Lueqeuxt's Magic Scroll Shop.
 43267 | Elf:3    | Bought a scroll of teleportation for 42 gold pieces
 43286 | Elf:3    | Reached skill level 15 in Maces & Flails
 43543 | Elf:3    | Received a gift from Trog
 43566 | Elf:3    | Noticed a Tzitzimitl
 43971 | Elf:3    | Noticed Saint Roka
 43988 | Elf:3    | Killed Saint Roka
 44368 | Elf:3    | Reached skill level 15 in Dodging
 44377 | Elf:3    | Noticed a Tzitzimitl
 44450 | Elf:3    | Received a gift from Trog
 44810 | Elf:3    | Received a gift from Trog
 45085 | Elf:3    | Gained mutation: You have an increased reservoir of magic. (+10% MP) [potion of beneficial mutation]
 45086 | Elf:3    | Gained mutation: Your spells are harder to cast, but more powerful. [potion of beneficial mutation]
 45096 | Elf:3    | Cast into level 3 of the Abyss (a deep elf demonologist)
 45097 | Abyss:3  | Noticed a hellephant
 45129 | Abyss:3  | Got a pair of pitted gloves
 45140 | Abyss:3  | Identified the +1 pair of gloves of Sorcery {rF- rN+ Int+3 Dex+5} (You found it on level 3 of the Abyss)
 45408 | Abyss:4  | Noticed a hellephant
 45412 | Abyss:4  | Paralysed by a great orb of eyes for 4 turns
 45516 | Abyss:4  | Found a corrupted altar of Lugonu.
 45564 | Abyss:4  | Reached XP level 20. HP: 191/191 MP: 30/30
 45592 | Abyss:4  | Reached skill level 19 in Armour
 45713 | Elf:3    | Escaped the Abyss
 46319 | Vaults:1 | Entered Level 1 of the Vaults
 46395 | Vaults:1 | Received a gift from Trog
 47329 | Vaults:1 | Found Gyikush's Assorted Antiques.
 47337 | Vaults:1 | Bought a scroll of magic mapping for 115 gold pieces
 47376 | Vaults:1 | Received a gift from Trog
 48532 | Vaults:2 | Identified a +0 rod of ignition (13/13) (You took it off a yaktaur captain on level 2 of the Vaults)
 48661 | Vaults:2 | Got an ichor-stained plate armour
 48672 | Vaults:2 | Identified the +10 plate armour of the Failed Coup {rF+ rCorr Slay-5} (You found it on level 2 of the Vaults)
 48840 | Vaults:2 | Received a gift from Trog
 49005 | Vaults:2 | Gained mutation: You have a pair of large horns on your head. [potion of beneficial mutation]
 49166 | Vaults:2 | Paralysed by an ogre mage for 2 turns
 49174 | Vaults:2 | Received a gift from Trog
 49260 | Vaults:2 | Found Zucapten's Antique Weapon Emporium.
 49464 | Vaults:2 | Reached XP level 21. HP: 141/201 MP: 32/32
 49471 | Vaults:2 | Reached skill level 20 in Armour
 50337 | Vaults:2 | Received a gift from Trog
 50372 | Vaults:3 | Found a flickering gateway to a bazaar.
 50381 | Bazaar   | Entered a bazaar
 50385 | Bazaar   | Found Uqur's Jewellery Boutique.
 50404 | Bazaar   | Found Iskulaci's Jewellery Emporium.
 50422 | Bazaar   | Found Cude's General Store.
 50427 | Bazaar   | Bought a scroll of blinking for 97 gold pieces
 50427 | Bazaar   | Bought a bread ration for 65 gold pieces
 50427 | Bazaar   | Bought a bread ration for 65 gold pieces
 50427 | Bazaar   | Bought a beef jerky for 19 gold pieces
 50439 | Bazaar   | Found Qealuan's Antique Weapon Shoppe.
 50855 | Vaults:3 | Received a gift from Trog
 51490 | Vaults:3 | Received a gift from Trog
 51512 | Vaults:3 | Noticed Aizul
 51537 | Vaults:3 | Killed Aizul
 51797 | Vaults:3 | Found a staircase to the Crypt.
 52017 | Vaults:4 | Received a gift from Trog
 52070 | Vaults:4 | Received a gift from Trog
 52124 | Vaults:4 | Found a flickering gateway to a bazaar.
 52130 | Bazaar   | Entered a bazaar
 52151 | Bazaar   | Found Naism's Antique Armour Shop.
 52170 | Bazaar   | Found Oqepory's Weapon Boutique.
 52200 | Bazaar   | Found Uliklenu's Gadget Shop.
 52200 | Bazaar   | Found Penilar's Magic Scroll Boutique.
 52211 | Bazaar   | Bought a scroll of enchant weapon for 82 gold pieces
 52211 | Bazaar   | Bought a scroll of holy word for 82 gold pieces
 52211 | Bazaar   | Bought a scroll of recharging for 104 gold pieces
 52211 | Bazaar   | Bought a scroll of magic mapping for 38 gold pieces
 52918 | Vaults:4 | Received a gift from Trog
 52974 | Vaults:4 | Received a gift from Trog
 53280 | Vaults:4 | Reached skill level 21 in Armour
 53397 | Vaults:4 | Found a portal to a secret trove of treasure.
 53479 | Vaults:4 | Received a gift from Trog
 53673 | Vaults:4 | Reached XP level 22. HP: 211/211 MP: 34/34
 53812 | Vaults:4 | Received a gift from Trog
 54232 | Slime:1  | Entered Level 1 of the Pits of Slime
 54483 | Depths:1 | Entered Level 1 of the Depths
 55530 | Depths:1 | Found a gateway to Hell.
 55658 | Depths:1 | Received a gift from Trog
 55931 | Depths:1 | Paralysed by a great orb of eyes for 5 turns
 56041 | Depths:1 | Received a gift from Trog
 56299 | Depths:2 | Paralysed by a giant eyeball for 4 turns
 56312 | Depths:2 | Paralysed by a giant eyeball for 3 turns
 56436 | Depths:2 | Found Voffi's General Store.
 56446 | Depths:2 | Bought a scroll of teleportation for 42 gold pieces
 56446 | Depths:2 | Bought a bread ration for 70 gold pieces
 56467 | Depths:2 | Noticed Jorgrun
 56486 | Depths:2 | Killed Jorgrun
 56806 | Depths:2 | Received a gift from Trog
 56813 | Depths:2 | Found Yzetom's Assorted Antiques.
 56849 | Depths:2 | Found Heazoczu's Antique Weapon Boutique.
 57015 | Depths:2 | Found Xeso's Food Boutique.
 57023 | Depths:2 | Bought a meat ration for 50 gold pieces
 57023 | Depths:2 | Bought a meat ration for 50 gold pieces
 57023 | Depths:2 | Bought a bread ration for 50 gold pieces
 57023 | Depths:2 | Bought a bread ration for 50 gold pieces
 57023 | Depths:2 | Bought a bread ration for 50 gold pieces
 57290 | Depths:2 | Found a one-way gate to the infinite horrors of the Abyss.
 57293 | Depths:2 | Found Ceorr's Gadget Shop.
 57683 | Depths:2 | Received a gift from Trog
 57883 | Depths:3 | Upgraded the game from 0.19-a0-1170-g18f0c96 to 0.19-a0-1182-g094b998
 58321 | Depths:3 | Reached skill level 22 in Armour
 58510 | Depths:3 | Found Miakh's Gadget Boutique.
 58511 | Depths:3 | Found Pust's Jewellery Emporium.
 58511 | Depths:3 | Found Mestoipsi's Jewellery Emporium.
 58817 | Depths:3 | Reached XP level 23. HP: 212/220 MP: 35/35
 58873 | Depths:3 | Identified the +5 plate armour of the Pure Ghosts {Regen+ Str+2 Stlth+} (You found it on level 3 of the Depths)
 59178 | Depths:4 | Found a flickering gateway to a bazaar.
 59190 | Bazaar   | Entered a bazaar
 59193 | Bazaar   | Found Kialoz's Magic Scroll Shoppe.
 59201 | Bazaar   | Bought a scroll of enchant armour for 75 gold pieces
 59201 | Bazaar   | Bought a scroll of teleportation for 30 gold pieces
 59213 | Bazaar   | Found Axodunt's Armour Emporium.
 59276 | Bazaar   | Found Hoqawnypn's Distillery.
 59284 | Bazaar   | Bought a potion of heal wounds for 55 gold pieces
 59436 | Depths:4 | Found a large runed door.
 59436 | Depths:4 | Found a large runed door.
 59528 | Depths:4 | Received a gift from Trog
 59541 | Depths:4 | Paralysed by a giant eyeball for 4 turns
 59548 | Depths:4 | Paralysed by a giant eyeball for 4 turns
 59556 | Depths:4 | Paralysed by a giant eyeball for 3 turns
 59817 | Depths:4 | Received a gift from Trog
 60008 | Depths:4 | Noticed a caustic shrike
 60014 | Depths:4 | Received a gift from Trog
 60022 | Depths:4 | Killed a caustic shrike
 60673 | Depths:5 | Entered Level 5 of the Depths
 60787 | Depths:4 | Received a gift from Trog
 60981 | Depths:5 | Found a gateway to a ziggurat.
 61527 | Depths:5 | Found a gate to the Realm of Zot.
 61895 | Depths:5 | Identified the cursed +1 quarterstaff of Impeachment {freeze, rF+ Dex+2} (You found it on level 5 of the Depths)
 61951 | Depths:5 | Received a gift from Trog
 62042 | Depths:5 | Reached skill level 23 in Armour
 62368 | Depths:5 | Voluntarily entered the Abyss.
 62675 | Abyss:1  | Reached XP level 24. HP: 203/231 MP: 36/36
 62700 | Abyss:1  | Received a gift from Trog
 63498 | Abyss:4  | Received a gift from Trog
 63669 | Abyss:4  | Received a gift from Trog
 64299 | Abyss:4  | Received a gift from Trog
 64438 | Abyss:4  | Gained mutation: You have an uncontrollable temper. [mutagenic glow]
 64472 | Abyss:4  | Gained mutation: You are frail. (-10% HP) [mutagenic glow]
 64490 | Abyss:4  | Received a gift from Trog
 64570 | Abyss:4  | Reached skill level 24 in Armour
 64575 | Abyss:4  | Reached skill level 15 in Evocations
 64747 | Abyss:4  | Upgraded the game from 0.19-a0-1182-g094b998 to 0.19-a0-1195-ge0bab27
 64964 | Abyss:4  | Received a gift from Trog
 64976 | Abyss:4  | Found a corrupted altar of Lugonu.
 65075 | Abyss:4  | Paralysed by accursed screaming for 2 turns
 65083 | Abyss:4  | Paralysed by accursed screaming for 2 turns
 65089 | Abyss:4  | Paralysed by accursed screaming for 1 turns
 65147 | Abyss:4  | Got an abyssal rune of Zot
 65270 | Abyss:4  | Reached XP level 25. HP: 215/216 MP: 3/36
 65335 | Abyss:4  | Received a gift from Trog
 65433 | Abyss:5  | Entered Level 5 of the Abyss
 65527 | Depths:5 | Escaped the Abyss
 65528 | Depths:5 | Lost mutation: Your spells are harder to cast, but more powerful. [potion of cure mutation]
 65528 | Depths:5 | Lost mutation: You have a pair of large horns on your head. [potion of cure mutation]
 65528 | Depths:5 | Lost mutation: Your spells are a little harder to cast, but a little more powerful. [potion of cure mutation]
 65528 | Depths:5 | Lost mutation: You tend to lose your temper in combat. [potion of cure mutation]
 65557 | Zot:1    | Entered Level 1 of the Realm of Zot
 66007 | Zot:1    | Upgraded the game from 0.19-a0-1195-ge0bab27 to 0.19-a0-1201-gda63bca
 66425 | Crypt:1  | Entered Level 1 of the Crypt
 67365 | Crypt:1  | Received a gift from Trog
 68436 | Crypt:2  | Reached skill level 25 in Armour
 68472 | Crypt:2  | Received a gift from Trog
 69099 | Crypt:3  | Entered Level 3 of the Crypt
 69130 | Crypt:3  | Upgraded the game from 0.19-a0-1201-gda63bca to 0.19-a0-1212-gd81f432
 69839 | Crypt:3  | Received a gift from Trog
 69933 | Crypt:3  | Found a staircase to the Tomb.
 70093 | Tomb:1   | Entered Level 1 of the Tomb of the Ancients
 70155 | Tomb:1   | Noticed Doesnt's ghost (legendary HuFE)
 70981 | Tomb:1   | Killed Doesnt's ghost
 71067 | Tomb:1   | Paralysed by a sphinx for 7 turns
 71084 | Tomb:1   | Received a gift from Trog
 71152 | Tomb:1   | Reached XP level 26. HP: 225/225 MP: 37/37
 71182 | Tomb:1   | Noticed a greater mummy
 71412 | Tomb:1   | Lost intelligence.
 71421 | Tomb:1   | Noticed a greater mummy
 71423 | Tomb:1   | HP: 8/225 [??? (4)]
 71425 | Tomb:1   | Slain by an emperor scorpion

Vault maps used:
D:1:      dpeg_arrival_caged_fury
D:2:      minmay_wonky_spiral, lemuel_crystal_altar, marbit_many_paths,
          first_bread, hex_tiny, uniq_jessica, uniq_iyjb, uniq_robin
D:3:      dancing_weapons_uskayaw, nicolae_overflow_crystal_walls,
          lemuel_crystal_altar, minmay_tree_intersection,
          kennysheep_another_room
D:5:      lightli_temple_of_fire, serial_shops, nicolae_shop_statue_plus,
          lemuel_statue_altar
D:6:      nemelex_xobeh_ov_fountains_minmay, lemuel_doored_altar,
          hangedman_ru_absence, uniq_menkaure
D:7:      minmay_misc_feat_pillars, grunt_ogre_cave, st_stairs_14,
          lemuel_tele_altar
D:8:      overflow_temple_1_default, uniq_psyche
D:10:     lemuel_upstairs_altar, serial_shops, nicolae_shop_stone
D:11:     david_lair_generic, hangedman_abyss_or_decor_clamps
D:12:     orc_0_dummy, serial_shops, kennysheep_little_box
D:13:     kennysheep_kite_vault
D:14:     grunt_vaults_entry_tiered, basic_altar, minmay_misc_feat_iff
D:15:     gammafunk_enter_depths_forms, minmay_misc_feat_rows
Temple:   dshaligram_water_room_temple
Lair:2:   spider_nest_entry_rubble, st_stairs_4
Lair:3:   elwin_shoals_entry_rooms, uniq_snorg
Lair:4:   basic_altar, uniq_urug
Lair:5:   serial_bayou, serial_bayou_pond_e, serial_bayou_shore_b,
          serial_bayou_lake_a, serial_bayou_ford_a
Lair:6:   evilmike_catoblepas_cave, nicolae_slime_entry_slimehenge
Shoals:2: nicolae_shoals_aquamancer_cove
Shoals:3: lightli_airlock
Shoals:4: shoals_end_hangedman, shoals_ilsuiw_alternative, serial_shops,
          nicolae_shop_competitors_out_of_business, nicolae_shop_crystal,
          nicolae_shop_crystal, nicolae_shop_statue_plus, uniq_ilsuiw
Spider:1: uniq_roxanne, uniq_kirke, uniq_agnes
Spider:2: spider_trap
Spider:3: hangedman_spider_tarantella_strand
Spider:4: grunt_spider_rune_circles, spider_trap
Orc:2:    pf_orc_diabolical, nooodl_orcs_dogs, uniq_erolcha, uniq_sonja
Elf:1:    minmay_elf_arrival_plus, basic_altar, serial_shops, shop_coins,
          hangedman_elf_represent, hex_medium, st_stairs_13,
          hangedman_feature_mirror, minivault_16
Elf:2:    serial_shops, shop, nicolae_elf_big_sculpture_1,
          hangedman_summoners_spam
Elf:3:    grunt_elf_hall_diamonds, grunt_megastairs_3, minmay_shop_star,
          uniq_saint_roka
Vaults:1: serial_ice_h, v_pattern_2, hangedman_vaults_nodes,
          nicolae_vaults_ninety_degrees, hangedman_vaults_stitches,
          nicolae_vaults_little_squares_1, vaults_dpeg_spiral,
          vaults_dpeg_diagonal, nicolae_vaults_alarming,
          hangedman_vaults_stretched_pinwheel, nicolae_vaults_yaktaur_gun_rack,
          serial_shops, shop
Vaults:2: hangedman_vaults_river_flow, nicolae_vaults_network_square,
          dpeg_vaults_monster_row, nicolae_vaults_hallways_thing, st_check,
          hangedman_vaults_hat, nicolae_vaults_shelves_hall, serial_shops,
          nicolae_shop_overgrown_old_shop
Vaults:3: vaults_dpeg_encased_lava, v_rooms_1, ontoclasm_vaults_decontamination,
          minmay_crypt_entry_simple_corners, hangedman_vaults_nails,
          grunt_vaults_hallway_long, v_misc_30, v_misc_30,
          ontoclasm_vaults_fire_temple, grunt_vaults_funnel,
          nicolae_vaults_ring_of_whatevers, v_misc_1, serial_shops,
          bzr_in_the_mist, uniq_aizul
Vaults:4: nicolae_vaults_little_squares_3, hangedman_vaults_locks, serial_ice_m,
          v_misc_18, nicolae_vaults_triangles, ontoclasm_vaults_pinch,
          v_misc_13, v_misc_15, hangedman_vaults_cutoff,
          nicolae_trove_entry_crystal, serial_shops, bzr_entry_dummy
Crypt:1:  special_room, grunt_ministairs_13
Crypt:2:  minicrypt_bobbens, roderic_lattice_octagonal_star
Crypt:3:  evilmike_haunted_forest
Depths:1: roderic_whirl, grunt_hell_horde, pan_entry, lemuel_flamethrower_3,
          serial_bayou_shore_b
Depths:2: hangedman_cross_stitches, serial_shops, shop,
          nicolae_shop_behind_doors, nicolae_shop_window_shopping,
          nicolae_shop_window_shopping, nicolae_shop_crystal, hell_entry,
          hangedman_abyss_entry_splay, serial_bayou_pond_a, uniq_jorgrun
Depths:3: wad_cavern_with_rooms, abyss_entry_glasseish,
          grunt_hell_entry_dis_grunt, infiniplex_staircase_diamond,
          rand_demon_pan_entry_7, statue_in_the_mist_lemuel, minmay_shop_grove
Depths:4: evilmike_lava_path, serial_shops, bzr_firewalk,
          minmay_misc_feat_plants, abyss_entry, hell_entry, hangedman_eye_storm
Depths:5: grunt_zot_entry_funnels, enter_ziggurat_b, hellmouth_3,
          minmay_misc_feat_five, abyss_entry, minmay_misc_feat_cross
Zot:1:    grunt_deathspiral_small, st_stairs_9
Abyss:2:  evilmike_abyss_exit_17
Abyss:3:  evilmike_abyss_exit_12, evilmike_abyss_rune_elephants_shrine,
          minivault_24, hangedman_abyss_theft,
          evilmike_nicolae_abyss_rune_betentacled_crabyss,
          evilmike_abyss_exit_chaos
Abyss:4:  evilmike_nicolae_abyss_rune_containment_curve,
          nicolae_abyss_rune_star_stuff
Abyss:5:  evilmike_abyss_exit_6, minivault_23, hangedman_abyss_or_decor_slice
Bazaar:   bazaar_jpeg_circle_common, bazaar_jpeg_honeycomb,
          bazaar_jpeg_ninerooms_4

Skill      XL: |  1  2  3  4  5  6  7  8  9 10 11 12 13 14 15 16 17 18 19 20 21 22 23 24 25 |
---------------+----------------------------------------------------------------------------+-----
Maces & Flails | 4 5 6 7 10 12 13 14 15 16 17 18 | 18.8
Fighting       | 4 5 6 7 8 10 11 12 13 15 16 17 18 19 20 21 22 23 | 23.4
Armour         | 4 6 8 10 12 14 16 17 18 19 21 22 23 24 25 | 25.5
Evocations     | 2 3 5 6 7 9 10 11 12 13 14 15 | 15.9
Staves         | 1 4 6 8 10 11 13 | 13.2
Dodging        | 5 7 9 11 12 14 15 16 17 19 20 21 22 | 22.8
Slings         | 3 6 8 10 11 12 13 14 | 14.0

Action                   |  1- 3 |  4- 6 |  7- 9 | 10-12 | 13-15 | 16-18 | 19-21 | 22-24 | 25-27 || total
-------------------------+-------+-------+-------+-------+-------+-------+-------+-------+-------++-------
Melee: Mace              |    82 |   175 |    42 |       |       |       |       |       |       ||   299
       Headbutt          |    12 |    26 |    24 |    71 |   207 |   245 |   303 |   547 |   186 ||  1621
       Quarterstaff      |       |       |    99 |   422 |   178 |       |       |       |       ||   699
       Great mace        |       |       |       |       |   579 |   774 |   869 |  1560 |   621 ||  4403
       Lajatang          |       |       |       |       |       |    10 |       |       |       ||    10
 Fire: Hunting sling     |       |    27 |   124 |    21 |       |       |       |       |       ||   172
       Greatsling        |       |       |       |   238 |   526 |   867 |   904 |   535 |   381 ||  3451
Throw: Stone             |       |     5 |    12 |     1 |     3 |     2 |       |       |       ||    23
       Tomahawk          |       |       |       |    25 |     1 |     2 |       |       |       ||    28
       Javelin           |       |       |       |     1 |    39 |    65 |    49 |    48 |    58 ||   260
Invok: Trog's Hand       |     1 |       |     1 |       |     5 |     6 |     3 |     3 |     3 ||    22
       Berserk           |       |     1 |     1 |     1 |     1 |     1 |       |       |       ||     5
       Burn Spellbooks   |       |       |     1 |     2 |     3 |     6 |     5 |     5 |     1 ||    23
       Brothers in Arms  |       |       |       |       |     4 |     1 |     3 |     2 |     1 ||    11
 Abil: Evoke Flight      |       |       |       |       |       |     1 |       |       |       ||     1
Evoke: Rod               |       |       |       |     2 |     6 |     6 |     8 |     2 |       ||    24
       Wand              |       |       |       |       |     5 |     4 |     6 |    16 |     1 ||    32
       Lamp of fire      |       |       |       |       |     2 |     3 |     4 |     3 |       ||    12
       Phial of floods   |       |       |       |       |     1 |       |     1 |       |       ||     2
       Fan of gales      |       |       |       |       |       |     1 |     3 |     2 |       ||     6
       Disc of storms    |       |       |       |       |       |       |       |     1 |       ||     1
       Sack of spiders   |       |       |       |       |       |       |       |     1 |       ||     1
  Use: Scroll            |       |       |    18 |    12 |    17 |    19 |    11 |    20 |     8 ||   105
       Potion            |       |       |       |       |     6 |    13 |    11 |     6 |     5 ||    41
 Stab: Distracted        |       |       |       |       |     2 |       |     1 |     1 |       ||     4
       Invisible         |       |       |       |       |       |       |       |     2 |       ||     2
  Eat: Chunk             |     1 |     9 |    12 |    20 |    37 |    27 |    28 |    15 |     3 ||   152
       Royal jelly       |       |       |     1 |     1 |       |     8 |     5 |       |     4 ||    19
       Pizza             |       |       |       |     2 |     4 |     1 |       |     1 |       ||     8
       Fruit             |       |       |       |       |     6 |     8 |     6 |     4 |       ||    24
       Beef jerky        |       |       |       |       |       |       |       |    10 |     7 ||    17
       Meat ration       |       |       |       |       |       |       |       |     1 |       ||     1
       Bread ration      |       |       |       |       |       |       |       |     1 |       ||     1
Armor: Animal skin       |    12 |       |       |       |       |       |       |       |       ||    12
       Ring mail         |    14 |    61 |     3 |    17 |    62 |       |       |       |       ||   157
       Chain mail        |       |       |    77 |   126 |       |       |       |       |       ||   203
       Pearl dragon armo |       |       |       |       |   338 |    62 |       |       |       ||   400
       Plate armour      |       |       |       |       |       |   482 |   337 |   707 |   243 ||  1769
Dodge: Dodged            |    59 |   132 |    57 |   247 |   686 |   867 |   808 |  1641 |   572 ||  5069
